Sewer Rats vs Inferno
(R1)
Created - 18 décembre 2012 at 20:35
Goals
|
| Sewer Rats |
1 |
0 |
0 |
1 |
| Inferno |
0 |
1 |
2 |
3 |
|
Shots
|
| Sewer Rats |
11 |
7 |
12 |
30 |
| Inferno |
15 |
15 |
13 |
43 |
|
1st period
1. Sewer Rats , Bryan Little 13 (Ryan Callahan) at 17:43
Penalties :
Chris Clark (Tol) for Roughing (Minor) at 7:47, Brad Marchand (Anc) for Roughing (Minor) at 14:10, Steven Kampfer (Tol) for Interference (Minor) at 14:10
2nd period
2. Inferno , Mikhail Grabovski 7 (Branko Radivojevic, Jay Pandolfo) at 5:55
Penalties :
Matt Smaby (Anc) for Hooking (Minor) at 1:58, Mikhail Grabovski (Anc) for Roughing (Minor) at 8:51, Vojtech Polak (Tol) for Hooking (Minor) at 12:38, Mikhail Grabovski (Anc) for High sticking (Minor) at 18:45, Ryan Callahan (Tol) for Hooking (Minor) at 18:45
3rd period
3. Inferno , Matt Smaby 2 (Jay Pandolfo, Petri Kontiola) at 2:54 (PP)
4. Inferno , Branko Radivojevic 13 (Mikhail Grabovski, Derek Meech) at 9:09 (PP)
Penalties :
Raphael Diaz (Tol) for Tripping (Minor) at 2:16, Jonathan Ferland (Anc) for Cross-checking (Minor) at 4:28, Maxim Talbot (Tol) for Tripping (Minor) at 4:28, Branko Radivojevic (Anc) for Holding (Minor) at 4:51, Raphael Diaz (Tol) for Holding (Minor) at 4:51, Ville Leino (Tol) for Charging (Minor) at 8:51, Raphael Diaz (Tol) for Hooking (Minor) at 12:06
Goalie Stats
Jonas Gustavsson (Tol), 40 saves from 43 shots - (0,930), L, 2-3-1, 60:00 minutes
Josh Harding (Anc), 29 saves from 30 shots - (0,967), W, 3-5-3, 60:00 minutes
Players Stats for Sewer Rats
Player Name G A P +/- PIM S H SB GA TA FO MP PP MP PK MP
------------------------------------------------------------------------------------
Bryan Little 1 0 1 1 0 6 1 1 3 1 10/27 18:41 1:58 0:18
Chris Clark 0 0 0 0 2 4 1 1 0 0 1/1 17:58 0:20 2:58
Derek Dorsett 0 0 0 0 0 0 1 0 1 0 0/0 6:28 0:09 0:00
John Lammers 0 0 0 0 0 1 0 0 0 0 0/0 9:14 0:00 1:25
John-Michael Liles 0 0 0 0 0 1 2 1 0 0 0/0 17:55 1:53 4:06
Karel Rachunek 0 0 0 0 0 2 1 2 0 0 0/0 22:41 2:05 4:21
Kyle Quincey 0 0 0 0 0 0 1 1 0 0 0/0 17:54 1:53 0:28
Lars Eller 0 0 0 0 0 1 0 0 0 0 2/5 6:09 0:00 0:00
Mark Mancari 0 0 0 -1 0 0 1 0 0 0 2/3 13:02 0:17 0:00
Matt Lashoff 0 0 0 0 0 0 1 0 1 0 0/0 14:05 0:00 2:56
Mattias Norstrom 0 0 0 0 0 1 0 3 0 0 0/0 6:36 0:00 0:56
Max Pacioretty 0 0 0 1 0 1 2 1 0 0 1/1 17:20 2:03 0:00
Maxim Talbot 0 0 0 -1 2 3 1 0 2 0 14/27 21:10 1:43 4:05
Mike Rathje 0 0 0 0 0 0 0 0 2 0 0/0 11:11 0:00 0:00
Niko Dimitrakos 0 0 0 0 0 0 1 0 0 0 0/0 3:46 1:43 1:50
Raphael Diaz 0 0 0 0 6 1 0 0 1 0 0/0 18:31 2:05 0:59
Ryan Callahan 0 1 1 1 2 3 1 0 3 0 0/1 16:03 1:58 0:00
Shawn Matthias 0 0 0 0 0 0 0 2 0 0 2/9 9:26 0:00 0:00
Steven Kampfer 0 0 0 0 2 0 0 1 0 1 0/0 11:12 0:00 0:00
Ville Leino 0 0 0 -1 2 6 1 0 1 0 0/0 17:03 1:43 2:06
Vojtech Polak 0 0 0 0 2 0 0 0 1 0 0/0 10:36 0:00 1:04
Players Stats for Inferno
Player Name G A P +/- PIM S H SB GA TA FO MP PP MP PK MP
------------------------------------------------------------------------------------
Andrej Sekera 0 0 0 0 0 0 1 0 0 1 0/0 23:35 2:38 2:05
Brad Marchand 0 0 0 0 2 2 0 2 0 0 1/1 17:28 3:50 0:30
Branko Radivojevic 1 1 2 1 2 4 0 0 0 3 3/4 20:46 3:50 0:00
Brendan Mikkelson 0 0 0 0 0 0 1 0 0 2 0/0 8:50 0:00 0:00
Brendan Smith 0 0 0 0 0 0 0 0 0 0 0/0 2:23 0:00 0:36
Brett Carson 0 0 0 0 0 0 0 3 0 1 0/0 28:11 2:38 1:53
Brian Boyle 0 0 0 0 0 2 5 0 0 1 10/16 15:04 0:00 1:50
Derek Meech 0 1 1 0 0 3 2 1 0 2 0/0 30:11 4:15 2:15
Jay Pandolfo 0 2 2 1 0 3 0 0 0 0 1/2 18:57 3:03 2:08
Jonathan Ferland 0 0 0 0 2 4 2 1 0 2 2/4 18:12 3:03 1:05
Jozef Balej 0 0 0 0 0 1 0 1 0 0 1/3 10:34 0:00 0:00
Matt Kassian 0 0 0 -1 0 1 0 0 0 0 0/0 6:33 0:00 0:00
Matt Smaby 1 0 1 0 2 6 6 0 0 0 0/0 27:25 4:15 1:07
Mikhail Grabovski 1 1 2 1 4 6 3 1 0 2 16/30 21:12 3:50 0:11
Petri Kontiola 0 1 1 0 0 3 1 0 0 0 4/5 12:19 3:03 0:03
Stephane Veilleux 0 0 0 0 0 4 0 0 2 1 1/4 14:03 0:00 1:04
Vladimir Sobotka 0 0 0 -1 0 3 2 0 0 0 3/5 7:43 0:00 1:05
Vladimir Zharkov 0 0 0 -1 0 1 0 1 0 0 0/0 6:33 0:00 0:00
3 Stars
1 - Josh Harding (Anc)
2 - Bryan Little (Tol)
3 - Mikhail Grabovski (Anc)
Power Play
Sewer Rats - 0 on 2 Attempt(s) - 0,00%
Inferno - 2 on 5 Attempt(s) - 40,00%
Penalty Kill
Sewer Rats - 3 on 5 Attempt(s) - 60,00%
- Score 0 goal in Penalty Kill
Inferno - 2 on 2 Attempt(s) - 100,00%
- Score 0 goal in Penalty Kill
Official
Referees : Ciamaga Chris and Peel Tim
Linesman : Brad Lazarowich and Jay Sharrers
Game Notes
Mattias Norstrom is injured at 4:41 of 2nd period (Strained Back)
Sewer Rats
5 vs 5 Forward
Center Left Wing Right Wing Time % Phy DF OF
1 Bryan Little Max Pacioretty Ryan Callahan 37 1 2 2
2 Maxim Talbot Ville Leino Mark Mancari 28 1 2 2
3 Shawn Matthias Vojtech Polak Chris Clark 25 1 2 2
4 Lars Eller John Lammers Derek Dorsett 10 1 2 2
5 vs 5 Defense
Defense Defense Time % Phy DF OF
1 John-Michael Liles Karel Rachunek 25 1 2 2
2 Kyle Quincey Matt Lashoff 25 1 2 2
3 Raphael Diaz Mattias Norstrom 25 1 2 2
4 Mike Rathje Steven Kampfer 25 1 2 2
PowerPlay Forward
Center Left Wing Right Wing Time % Phy DF OF
1 Bryan Little Max Pacioretty Ryan Callahan 60 1 2 2
2 Maxim Talbot Ville Leino Niko Dimitrakos 40 1 2 2
PowerPlay Defense
Defense Defense Time % Phy DF OF
1 Raphael Diaz Karel Rachunek 60 1 2 2
2 Kyle Quincey John-Michael Liles 40 1 2 2
Penalty Kill 4 Players Forward
Center Wing Time % Phy DF OF
1 Maxim Talbot Chris Clark 60 1 2 2
2 Niko Dimitrakos Vojtech Polak 40 1 2 2
Penalty Kill 4 Players Defense
Defense Defense Time % Phy DF OF
1 John-Michael Liles Karel Rachunek 60 1 2 2
2 Mattias Norstrom Matt Lashoff 40 1 2 2
Penalty Kill - 3 Players Forward
Forward Time % Phy DF OF
1 Maxim Talbot 60 1 2 2
2 Bryan Little 40 1 2 2
Penalty Kill - 3 Players Defense
Defense Defense Time % Phy DF OF
1 Raphael Diaz Karel Rachunek 60 1 2 2
2 John-Michael Liles Matt Lashoff 40 1 2 2
4 vs 4 Forward
Center Wing Time % Phy DF OF
1 Maxim Talbot Chris Clark 60 1 2 2
2 Bryan Little Ville Leino 40 1 2 2
4 vs 4 Defense
Defense Defense Time % Phy DF OF
1 Raphael Diaz Karel Rachunek 60 1 2 2
2 Mattias Norstrom Matt Lashoff 40 1 2 2
Last Minutes Offensive
Center Left Wing Right Wing Defense Defense
Bryan Little Max Pacioretty Mark Mancari Raphael Diaz Karel Rachunek
Last Minutes Defensive
Center Left Wing Right Wing Defense Defense
Maxim Talbot Ville Leino Niko Dimitrakos John-Michael Liles Karel Rachunek
Goaltenders
Starting : Jonas Gustavsson
Backup : Jhonas Enroth
Extra Forwards
Normal : Chris Clark, Mark Mancari, Max Pacioretty - PP : Chris Clark, Mark Mancari - PK : Ville Leino
Extra Defensemen
Normal : Kyle Quincey, Raphael Diaz, John-Michael Liles - PP : Kyle Quincey - PK : Raphael Diaz, John-Michael Liles
Penalty Shots
Bryan Little, Chris Clark, Max Pacioretty, Ville Leino, Ryan Callahan
Inferno
5 vs 5 Forward
Center Left Wing Right Wing Time % Phy DF OF
1 Mikhail Grabovski Jay Pandolfo Branko Radivojevic 40 1 2 2
2 Brian Boyle Brad Marchand Jonathan Ferland 30 1 2 2
3 Petri Kontiola Stephane Veilleux Jozef Balej 20 1 2 2
4 Vladimir Sobotka Matt Kassian Vladimir Zharkov 10 2 2 1
5 vs 5 Defense
Defense Defense Time % Phy DF OF
1 Derek Meech Matt Smaby 40 1 3 1
2 Andrej Sekera Brett Carson 30 1 3 1
3 Brendan Mikkelson Brett Carson 20 1 3 1
4 Andrej Sekera Derek Meech 10 1 3 1
PowerPlay Forward
Center Left Wing Right Wing Time % Phy DF OF
1 Mikhail Grabovski Brad Marchand Branko Radivojevic 60 1 1 3
2 Petri Kontiola Jay Pandolfo Jonathan Ferland 40 1 1 3
PowerPlay Defense
Defense Defense Time % Phy DF OF
1 Derek Meech Matt Smaby 60 1 2 2
2 Andrej Sekera Brett Carson 40 1 2 2
Penalty Kill 4 Players Forward
Center Wing Time % Phy DF OF
1 Brian Boyle Jay Pandolfo 60 1 3 1
2 Vladimir Sobotka Jonathan Ferland 40 2 3 0
Penalty Kill 4 Players Defense
Defense Defense Time % Phy DF OF
1 Derek Meech Matt Smaby 60 1 3 1
2 Andrej Sekera Brett Carson 40 1 3 1
Penalty Kill - 3 Players Forward
Forward Time % Phy DF OF
1 Brian Boyle 60 1 3 1
2 Vladimir Sobotka 40 1 3 1
Penalty Kill - 3 Players Defense
Defense Defense Time % Phy DF OF
1 Derek Meech Matt Smaby 60 1 3 1
2 Andrej Sekera Brett Carson 40 1 3 1
4 vs 4 Forward
Center Wing Time % Phy DF OF
1 Mikhail Grabovski Branko Radivojevic 60 1 2 2
2 Brian Boyle Stephane Veilleux 40 1 2 2
4 vs 4 Defense
Defense Defense Time % Phy DF OF
1 Derek Meech Matt Smaby 60 1 2 2
2 Andrej Sekera Brett Carson 40 1 2 2
Last Minutes Offensive
Center Left Wing Right Wing Defense Defense
Brian Boyle Brad Marchand Branko Radivojevic Derek Meech Matt Smaby
Last Minutes Defensive
Center Left Wing Right Wing Defense Defense
Brian Boyle Stephane Veilleux Jonathan Ferland Derek Meech Matt Smaby
Goaltenders
Starting : Josh Harding
Backup : Jonathan Boutin
Extra Forwards
Normal : Jonathan Ferland, Stephane Veilleux, Jozef Balej - PP : Stephane Veilleux, Jozef Balej - PK : Stephane Veilleux
Extra Defensemen
Normal : Andrej Sekera, Brett Carson, Brendan Smith - PP : Brendan Smith - PK : Andrej Sekera, Brett Carson
Penalty Shots
Jay Pandolfo, Jonathan Ferland, Brad Marchand, Mikhail Grabovski, Branko Radivojevic
% Time on Ice - Sewer Rats
Lines # - Real PCT - Wanted PCT - Time Play
Normal Forward
1 - 36% - 37% - 15:15
2 - 28% - 28% - 11:59
3 - 22% - 25% - 9:26
4 - 14% - 10% - 6:09
Normal Defense
1 - 25% - 25% - 10:42
2 - 23% - 25% - 10:02
3 - 25% - 25% - 10:54
4 - 26% - 25% - 11:11
PP Forward
1 - 57% - 60% - 2:15
2 - 43% - 40% - 1:43
PP Defense
1 - 53% - 60% - 2:05
2 - 47% - 40% - 1:53
PK Forward
1 - 73% - 60% - 5:03
2 - 27% - 40% - 1:50
PK Defense
1 - 56% - 60% - 3:50
2 - 44% - 40% - 3:03
PK3 Forward
1 - 0% - 60%
2 - 0% - 40%
PK3 Defense
1 - 0% - 60%
2 - 0% - 40%
44 Forward
1 - 82% - 60% - 5:10
2 - 18% - 40% - 1:10
44 Defense
1 - 81% - 60% - 5:07
2 - 19% - 40% - 1:13
Last Minute Offensive - 0:00
Last Minute Defensive - 0:00
Total
Forward - 60:00
Defense - 60:00
|
% Time on Ice - Inferno
Lines # - Real PCT - Wanted PCT - Time Play
Normal Forward
1 - 34% - 40% - 14:45
2 - 29% - 30% - 12:19
3 - 21% - 20% - 9:12
4 - 15% - 10% - 6:33
Normal Defense
1 - 42% - 40% - 17:47
2 - 29% - 30% - 12:24
3 - 22% - 20% - 9:30
4 - 7% - 10% - 3:08
PP Forward
1 - 56% - 60% - 3:50
2 - 44% - 40% - 3:03
PP Defense
1 - 62% - 60% - 4:15
2 - 38% - 40% - 2:38
PK Forward
1 - 73% - 60% - 2:53
2 - 27% - 40% - 1:05
PK Defense
1 - 69% - 60% - 2:45
2 - 31% - 40% - 1:13
PK3 Forward
1 - 0% - 60%
2 - 0% - 40%
PK3 Defense
1 - 0% - 60%
2 - 0% - 40%
44 Forward
1 - 87% - 60% - 5:29
2 - 13% - 40% - 0:51
44 Defense
1 - 59% - 60% - 3:44
2 - 41% - 40% - 2:36
Last Minute Offensive - 0:00
Last Minute Defensive - 0:00
Total
Forward - 60:00
Defense - 60:00
|
Play by Play
1st period
0:01 of 1st period - Mikhail Grabovski wins face-off versus Bryan Little in neutral zone.
0:04 of 1st period - Wrist shot by Mikhail Grabovski.
0:04 of 1st period - Shot Misses the Net.
0:26 of 1st period - Derek Meech is hit by Maxim Talbot and loses puck.
1:33 of 1st period - Slapshot by Ryan Callahan.
1:33 of 1st period - Stopped by Josh Harding without a rebound.
1:34 of 1st period - Maxim Talbot wins face-off versus Brian Boyle in Inferno zone.
1:35 of 1st period - Snap shot by Mattias Norstrom.
1:35 of 1st period - Shot Misses the Net.
1:49 of 1st period - Snap shot by Brad Marchand.
1:49 of 1st period - Stopped by Jonas Gustavsson without a rebound.
1:50 of 1st period - Jay Pandolfo wins face-off versus Bryan Little in Sewer Rats zone.
2:03 of 1st period - Jay Pandolfo is hit by Max Pacioretty and loses puck.
3:29 of 1st period - Snap shot by Mikhail Grabovski.
3:29 of 1st period - Shot Blocked by Bryan Little.
3:36 of 1st period - Icing by Raphael Diaz.
3:37 of 1st period - Bryan Little wins face-off versus Petri Kontiola in Sewer Rats zone.
4:06 of 1st period - Snap shot by Brian Boyle.
4:06 of 1st period - Stopped by Jonas Gustavsson with a rebound.
4:08 of 1st period - Snap shot by Brian Boyle.
4:08 of 1st period - Shot Blocked by Mattias Norstrom.
4:10 of 1st period - Slapshot by Matt Smaby.
4:10 of 1st period - Shot Blocked by Mattias Norstrom.
6:37 of 1st period - Icing by Mike Rathje.
6:38 of 1st period - Brian Boyle wins face-off versus Lars Eller in Sewer Rats zone.
6:41 of 1st period - Wrist shot by Jonathan Ferland.
6:41 of 1st period - Stopped by Jonas Gustavsson without a rebound.
6:42 of 1st period - Brian Boyle wins face-off versus Bryan Little in Sewer Rats zone.
7:08 of 1st period - Jay Pandolfo is hit by Chris Clark and loses puck.
7:13 of 1st period - Slapshot by Mattias Norstrom.
7:13 of 1st period - Stopped by Josh Harding without a rebound.
7:14 of 1st period - Shawn Matthias wins face-off versus Jay Pandolfo in Inferno zone.
7:17 of 1st period - Slapshot by Chris Clark.
7:17 of 1st period - Shot Misses the Net.
7:25 of 1st period - Chris Clark is hit by Matt Smaby.
7:39 of 1st period - Raphael Diaz is hit by Matt Smaby and loses puck.
7:44 of 1st period - Slapshot by Jonathan Ferland.
7:44 of 1st period - Shot Misses the Net.
7:46 of 1st period - Slapshot by Andrej Sekera.
7:46 of 1st period - Shot Misses the Net.
7:47 of 1st period - Minor Penalty to Chris Clark for Roughing.
7:48 of 1st period - Mikhail Grabovski wins face-off versus Maxim Talbot in Sewer Rats zone.
7:54 of 1st period - Backhand shot by Branko Radivojevic.
7:54 of 1st period - Shot Blocked by Karel Rachunek.
7:56 of 1st period - Slapshot by Matt Smaby.
7:56 of 1st period - Shot Blocked by John-Michael Liles.
7:58 of 1st period - Wrist shot by Brad Marchand.
7:58 of 1st period - Stopped by Jonas Gustavsson with a rebound.
8:00 of 1st period - Snap shot by Mikhail Grabovski.
8:00 of 1st period - Stopped by Jonas Gustavsson with a rebound.
8:02 of 1st period - Backhand shot by Matt Smaby.
8:02 of 1st period - Stopped by Jonas Gustavsson with a rebound.
8:04 of 1st period - Slapshot by Matt Smaby.
8:04 of 1st period - Stopped by Jonas Gustavsson with a rebound.
8:22 of 1st period - Slapshot by Jay Pandolfo.
8:22 of 1st period - Stopped by Jonas Gustavsson without a rebound.
8:23 of 1st period - Maxim Talbot wins face-off versus Mikhail Grabovski in Sewer Rats zone.
9:27 of 1st period - Slapshot by Ville Leino.
9:27 of 1st period - Stopped by Josh Harding with a rebound.
9:47 of 1st period - Penalty to Chris Clark is over, Chris Clark is back on ice.
10:02 of 1st period - Snap shot by Maxim Talbot.
10:02 of 1st period - Stopped by Josh Harding with a rebound.
10:18 of 1st period - Snap shot by Ryan Callahan.
10:18 of 1st period - Shot Misses the Net.
10:20 of 1st period - Snap shot by Ryan Callahan.
10:20 of 1st period - Shot Misses the Net.
10:22 of 1st period - Slapshot by Max Pacioretty.
10:22 of 1st period - Stopped by Josh Harding with a rebound.
10:24 of 1st period - Wrist shot by Bryan Little.
10:24 of 1st period - Stopped by Josh Harding without a rebound.
10:25 of 1st period - Mikhail Grabovski wins face-off versus Shawn Matthias in Inferno zone.
10:30 of 1st period - Slapshot by Branko Radivojevic.
10:30 of 1st period - Stopped by Jonas Gustavsson without a rebound.
10:31 of 1st period - Mikhail Grabovski wins face-off versus Shawn Matthias in Sewer Rats zone.
11:05 of 1st period - Snap shot by Branko Radivojevic.
11:05 of 1st period - Stopped by Jonas Gustavsson without a rebound.
11:06 of 1st period - Brian Boyle wins face-off versus Maxim Talbot in Sewer Rats zone.
12:23 of 1st period - Wrist shot by Chris Clark.
12:23 of 1st period - Stopped by Josh Harding without a rebound.
12:24 of 1st period - Brian Boyle wins face-off versus Maxim Talbot in Inferno zone.
12:37 of 1st period - Slapshot by Ville Leino.
12:37 of 1st period - Shot Misses the Net.
12:39 of 1st period - Backhand shot by Steven Kampfer.
12:39 of 1st period - Shot Misses the Net.
12:49 of 1st period - Ryan Callahan is hit by Brendan Mikkelson and loses puck.
13:29 of 1st period - Off-side.
13:30 of 1st period - Vladimir Sobotka wins face-off versus Lars Eller in neutral zone.
13:39 of 1st period - Snap shot by Vladimir Zharkov.
13:39 of 1st period - Deflect By Mattias Norstrom.
13:39 of 1st period - Shot Misses the Net.
13:39 of 1st period - Puck is out of play.
13:40 of 1st period - Maxim Talbot wins face-off versus Mikhail Grabovski in Sewer Rats zone.
14:09 of 1st period - Off-side.
14:10 of 1st period - Brian Boyle wins face-off versus Bryan Little in neutral zone.
14:10 of 1st period - Minor Penalty to Brad Marchand for Roughing.
14:10 of 1st period - Minor Penalty to Steven Kampfer for Interference.
14:11 of 1st period - Mikhail Grabovski wins face-off versus Maxim Talbot in neutral zone.
14:22 of 1st period - Snap shot by Mikhail Grabovski.
14:22 of 1st period - Stopped by Jonas Gustavsson with a rebound.
14:48 of 1st period - Snap shot by Bryan Little.
14:48 of 1st period - Shot Misses the Net.
15:04 of 1st period - Icing by Ville Leino.
15:05 of 1st period - Maxim Talbot wins face-off versus Mikhail Grabovski in Sewer Rats zone.
15:33 of 1st period - Icing by Bryan Little.
15:34 of 1st period - Branko Radivojevic wins face-off versus Bryan Little in Sewer Rats zone.
15:47 of 1st period - Slapshot by Bryan Little.
15:47 of 1st period - Shot Misses the Net.
16:10 of 1st period - Penalty to Brad Marchand is over, Brad Marchand is back on ice.
16:10 of 1st period - Penalty to Steven Kampfer is over, Steven Kampfer is back on ice.
16:19 of 1st period - Wrist shot by Bryan Little.
16:19 of 1st period - Shot Misses the Net.
16:27 of 1st period - Karel Rachunek is hit by Derek Meech and loses puck.
16:44 of 1st period - Snap shot by Derek Dorsett.
16:44 of 1st period - Shot Blocked by Brad Marchand.
16:46 of 1st period - Slapshot by Karel Rachunek.
16:46 of 1st period - Shot Blocked by Jonathan Ferland.
16:48 of 1st period - Wrist shot by Karel Rachunek.
16:48 of 1st period - Stopped by Josh Harding with a rebound.
17:00 of 1st period - Backhand shot by Stephane Veilleux.
17:00 of 1st period - Shot Blocked by Steven Kampfer.
17:10 of 1st period - Wrist shot by Stephane Veilleux.
17:10 of 1st period - Stopped by Jonas Gustavsson with a rebound.
17:39 of 1st period - Icing by Branko Radivojevic.
17:40 of 1st period - Bryan Little wins face-off versus Vladimir Sobotka in Inferno zone.
17:43 of 1st period - Slapshot by Bryan Little.
17:43 of 1st period - Goal by Bryan Little - Sewer Rats : 1 - Inferno : 0.
17:44 of 1st period - Mikhail Grabovski wins face-off versus Ryan Callahan in neutral zone.
18:22 of 1st period - Slapshot by Matt Smaby.
18:22 of 1st period - Stopped by Jonas Gustavsson with a rebound.
18:24 of 1st period - Slapshot by Matt Smaby.
18:24 of 1st period - Deflect By Mikhail Grabovski.
18:24 of 1st period - Stopped by Jonas Gustavsson without a rebound.
18:25 of 1st period - Brian Boyle wins face-off versus Bryan Little in Sewer Rats zone.
18:30 of 1st period - Snap shot by Jonathan Ferland.
18:30 of 1st period - Shot Misses the Net.
18:36 of 1st period - Snap shot by Jonathan Ferland.
18:36 of 1st period - Stopped by Jonas Gustavsson without a rebound.
18:37 of 1st period - Maxim Talbot wins face-off versus Brian Boyle in Sewer Rats zone.
18:42 of 1st period - Wrist shot by Ville Leino.
18:42 of 1st period - Stopped by Josh Harding with a rebound.
18:52 of 1st period - Ville Leino is hit by Brian Boyle and loses puck.
19:09 of 1st period - Slapshot by Jay Pandolfo.
19:09 of 1st period - Shot Misses the Net.
19:15 of 1st period - Snap shot by Ville Leino.
19:15 of 1st period - Stopped by Josh Harding with a rebound.
19:17 of 1st period - Snap shot by Ville Leino.
19:17 of 1st period - Shot Hit the Post.
19:19 of 1st period - Wrist shot by Mark Mancari.
19:19 of 1st period - Deflect By Ville Leino.
19:19 of 1st period - Shot Misses the Net.
19:19 of 1st period - Puck is out of play.
19:20 of 1st period - Bryan Little wins face-off versus Brian Boyle in Inferno zone.
19:31 of 1st period - Snap shot by Ryan Callahan.
19:31 of 1st period - Deflect By Andrej Sekera.
19:31 of 1st period - Shot Misses the Net.
19:31 of 1st period - Puck is out of play.
19:32 of 1st period - Branko Radivojevic wins face-off versus Bryan Little in Inferno zone.
2nd period
0:01 of 2nd period - Max Pacioretty wins face-off versus Mikhail Grabovski in neutral zone.
0:37 of 2nd period - Snap shot by Maxim Talbot.
0:37 of 2nd period - Shot Misses the Net.
0:55 of 2nd period - Shawn Matthias is hit by Matt Smaby and loses puck.
1:05 of 2nd period - Icing by Chris Clark.
1:06 of 2nd period - Vladimir Sobotka wins face-off versus Shawn Matthias in Sewer Rats zone.
1:09 of 2nd period - Wrist shot by Mikhail Grabovski.
1:09 of 2nd period - Shot Misses the Net.
1:11 of 2nd period - Slapshot by Derek Meech.
1:11 of 2nd period - Shot Misses the Net.
1:13 of 2nd period - Snap shot by Derek Meech.
1:13 of 2nd period - Shot Misses the Net.
1:15 of 2nd period - Snap shot by Mikhail Grabovski.
1:15 of 2nd period - Shot Blocked by Shawn Matthias.
1:17 of 2nd period - Snap shot by Branko Radivojevic.
1:17 of 2nd period - Deflect By Jay Pandolfo.
1:17 of 2nd period - Stopped by Jonas Gustavsson without a rebound.
1:18 of 2nd period - Mikhail Grabovski wins face-off versus Bryan Little in Sewer Rats zone.
1:23 of 2nd period - Snap shot by Jay Pandolfo.
1:23 of 2nd period - Stopped by Jonas Gustavsson without a rebound.
1:24 of 2nd period - Mikhail Grabovski wins face-off versus Bryan Little in Sewer Rats zone.
1:55 of 2nd period - Slapshot by Maxim Talbot.
1:55 of 2nd period - Stopped by Josh Harding with a rebound.
1:57 of 2nd period - Snap shot by Maxim Talbot.
1:57 of 2nd period - Shot Misses the Net.
1:58 of 2nd period - Minor Penalty to Matt Smaby for Hooking.
1:59 of 2nd period - Brian Boyle wins face-off versus Bryan Little in Inferno zone.
2:12 of 2nd period - Wrist shot by Brian Boyle.
2:12 of 2nd period - Stopped by Jonas Gustavsson with a rebound.
2:26 of 2nd period - Brian Boyle is hit by Niko Dimitrakos and loses puck.
2:33 of 2nd period - Snap shot by Maxim Talbot.
2:33 of 2nd period - Shot Misses the Net.
2:35 of 2nd period - Snap shot by Ville Leino.
2:35 of 2nd period - Shot Blocked by Derek Meech.
3:39 of 2nd period - Max Pacioretty is hit by Andrej Sekera.
3:58 of 2nd period - Penalty to Matt Smaby is over, Matt Smaby is back on ice.
4:41 of 2nd period - Slapshot by Brett Carson.
4:41 of 2nd period - Shot Blocked by Mattias Norstrom.
4:41 of 2nd period - Mattias Norstrom from Sewer Rats is injured at 4:41 of 2nd period (Strained Back).
4:42 of 2nd period - Brian Boyle wins face-off versus Bryan Little in Sewer Rats zone.
5:43 of 2nd period - Wrist shot by Jonathan Ferland.
5:43 of 2nd period - Stopped by Jonas Gustavsson without a rebound.
5:44 of 2nd period - Maxim Talbot wins face-off versus Branko Radivojevic in Sewer Rats zone.
5:55 of 2nd period - Slapshot by Mikhail Grabovski.
5:55 of 2nd period - Goal by Mikhail Grabovski - Sewer Rats : 1 - Inferno : 1.
5:56 of 2nd period - Maxim Talbot wins face-off versus Mikhail Grabovski in neutral zone.
6:09 of 2nd period - Snap shot by Branko Radivojevic.
6:09 of 2nd period - Shot Misses the Net.
6:30 of 2nd period - Snap shot by Chris Clark.
6:30 of 2nd period - Shot Hit the Post.
6:42 of 2nd period - Snap shot by John-Michael Liles.
6:42 of 2nd period - Shot Misses the Net.
6:48 of 2nd period - John-Michael Liles is hit by Petri Kontiola and loses puck.
7:38 of 2nd period - Raphael Diaz is hit by Mikhail Grabovski and loses puck.
7:51 of 2nd period - Snap shot by Vladimir Sobotka.
7:51 of 2nd period - Stopped by Jonas Gustavsson with a rebound.
7:53 of 2nd period - Backhand shot by Derek Meech.
7:53 of 2nd period - Stopped by Jonas Gustavsson with a rebound.
8:09 of 2nd period - John Lammers is hit by Matt Smaby and loses puck.
8:34 of 2nd period - Snap shot by Ryan Callahan.
8:34 of 2nd period - Deflect By Max Pacioretty.
8:34 of 2nd period - Shot Blocked by Brett Carson.
8:34 of 2nd period - Puck is out of play.
8:35 of 2nd period - Mikhail Grabovski wins face-off versus Bryan Little in Inferno zone.
8:51 of 2nd period - Minor Penalty to Mikhail Grabovski for Roughing.
8:52 of 2nd period - Brian Boyle wins face-off versus Bryan Little in Inferno zone.
10:51 of 2nd period - Penalty to Mikhail Grabovski is over, Mikhail Grabovski is back on ice.
12:06 of 2nd period - Brad Marchand is hit by Derek Dorsett and loses puck.
12:38 of 2nd period - Minor Penalty to Vojtech Polak for Hooking.
12:39 of 2nd period - Mikhail Grabovski wins face-off versus Maxim Talbot in Sewer Rats zone.
12:42 of 2nd period - Backhand shot by Branko Radivojevic.
12:42 of 2nd period - Shot Misses the Net.
12:44 of 2nd period - Slapshot by Andrej Sekera.
12:44 of 2nd period - Shot Blocked by Chris Clark.
12:52 of 2nd period - Slapshot by Mikhail Grabovski.
12:52 of 2nd period - Stopped by Jonas Gustavsson with a rebound.
13:28 of 2nd period - Andrej Sekera is hit by John-Michael Liles and loses puck.
13:57 of 2nd period - Snap shot by Ville Leino.
13:57 of 2nd period - Deflect By Matt Smaby.
13:57 of 2nd period - Shot Misses the Net.
13:57 of 2nd period - Puck is out of play.
13:58 of 2nd period - Mikhail Grabovski wins face-off versus Bryan Little in Inferno zone.
14:38 of 2nd period - Penalty to Vojtech Polak is over, Vojtech Polak is back on ice.
14:50 of 2nd period - Backhand shot by Vladimir Sobotka.
14:50 of 2nd period - Stopped by Jonas Gustavsson without a rebound.
14:51 of 2nd period - Vladimir Sobotka wins face-off versus Bryan Little in Sewer Rats zone.
14:52 of 2nd period - Snap shot by Matt Kassian.
14:52 of 2nd period - Stopped by Jonas Gustavsson with a rebound.
15:02 of 2nd period - Snap shot by Bryan Little.
15:02 of 2nd period - Stopped by Josh Harding with a rebound.
15:04 of 2nd period - Snap shot by Bryan Little.
15:04 of 2nd period - Shot Misses the Net.
15:06 of 2nd period - Snap shot by Mike Rathje.
15:06 of 2nd period - Shot Misses the Net.
15:13 of 2nd period - Icing by Brett Carson.
15:14 of 2nd period - Mikhail Grabovski wins face-off versus Shawn Matthias in Inferno zone.
15:37 of 2nd period - Brad Marchand is hit by Karel Rachunek and loses puck.
15:58 of 2nd period - Snap shot by Ryan Callahan.
15:58 of 2nd period - Deflect By Ville Leino.
15:58 of 2nd period - Stopped by Josh Harding with a rebound.
16:00 of 2nd period - Wrist shot by Kyle Quincey.
16:00 of 2nd period - Shot Misses the Net.
16:02 of 2nd period - Snap shot by Ville Leino.
16:02 of 2nd period - Stopped by Josh Harding with a rebound.
17:22 of 2nd period - Wrist shot by Stephane Veilleux.
17:22 of 2nd period - Stopped by Jonas Gustavsson without a rebound.
17:23 of 2nd period - Petri Kontiola wins face-off versus Maxim Talbot in Sewer Rats zone.
17:26 of 2nd period - Snap shot by Stephane Veilleux.
17:26 of 2nd period - Stopped by Jonas Gustavsson with a rebound.
17:28 of 2nd period - Snap shot by Petri Kontiola.
17:28 of 2nd period - Stopped by Jonas Gustavsson with a rebound.
17:30 of 2nd period - Wrist shot by Stephane Veilleux.
17:30 of 2nd period - Stopped by Jonas Gustavsson with a rebound.
17:32 of 2nd period - Wrist shot by Petri Kontiola.
17:32 of 2nd period - Shot Misses the Net.
17:46 of 2nd period - Jozef Balej is hit by John-Michael Liles and loses puck.
18:08 of 2nd period - Wrist shot by Ville Leino.
18:08 of 2nd period - Stopped by Josh Harding with a rebound.
18:17 of 2nd period - Icing by Stephane Veilleux.
18:18 of 2nd period - Bryan Little wins face-off versus Jozef Balej in Inferno zone.
18:19 of 2nd period - Snap shot by Ryan Callahan.
18:19 of 2nd period - Stopped by Josh Harding with a rebound.
18:21 of 2nd period - Slapshot by John-Michael Liles.
18:21 of 2nd period - Deflect By Petri Kontiola.
18:21 of 2nd period - Stopped by Josh Harding with a rebound.
18:23 of 2nd period - Snap shot by Ryan Callahan.
18:23 of 2nd period - Shot Blocked by Brett Carson.
18:25 of 2nd period - Slapshot by John-Michael Liles.
18:25 of 2nd period - Shot Blocked by Jozef Balej.
18:27 of 2nd period - Slapshot by Raphael Diaz.
18:27 of 2nd period - Shot Blocked by Brett Carson.
18:29 of 2nd period - Snap shot by Max Pacioretty.
18:29 of 2nd period - Deflect By Bryan Little.
18:29 of 2nd period - Shot Misses the Net.
18:29 of 2nd period - Puck is out of play.
18:30 of 2nd period - Bryan Little wins face-off versus Mikhail Grabovski in Inferno zone.
18:45 of 2nd period - Minor Penalty to Mikhail Grabovski for High sticking.
18:45 of 2nd period - Minor Penalty to Ryan Callahan for Hooking.
18:46 of 2nd period - Chris Clark wins face-off versus Jonathan Ferland in Sewer Rats zone.
18:57 of 2nd period - Slapshot by Matt Smaby.
18:57 of 2nd period - Stopped by Jonas Gustavsson with a rebound.
19:02 of 2nd period - Off-side.
19:03 of 2nd period - Jonathan Ferland wins face-off versus Maxim Talbot in neutral zone.
19:06 of 2nd period - Karel Rachunek is hit by Jonathan Ferland and loses puck.
19:22 of 2nd period - Icing by Derek Meech.
19:23 of 2nd period - Maxim Talbot wins face-off versus Stephane Veilleux in Inferno zone.
3rd period
0:01 of 3rd period - Maxim Talbot wins face-off versus Jonathan Ferland in neutral zone.
0:40 of 3rd period - Slapshot by Raphael Diaz.
0:40 of 3rd period - Stopped by Josh Harding without a rebound.
0:41 of 3rd period - Bryan Little wins face-off versus Stephane Veilleux in Inferno zone.
0:45 of 3rd period - Penalty to Mikhail Grabovski is over, Mikhail Grabovski is back on ice.
0:45 of 3rd period - Penalty to Ryan Callahan is over, Ryan Callahan is back on ice.
0:48 of 3rd period - Wrist shot by Bryan Little.
0:48 of 3rd period - Stopped by Josh Harding without a rebound.
0:49 of 3rd period - Bryan Little wins face-off versus Brian Boyle in Inferno zone.
0:50 of 3rd period - Slapshot by Ryan Callahan.
0:50 of 3rd period - Shot Misses the Net.
1:23 of 3rd period - Snap shot by Maxim Talbot.
1:23 of 3rd period - Stopped by Josh Harding without a rebound.
1:24 of 3rd period - Mikhail Grabovski wins face-off versus Bryan Little in Inferno zone.
1:24 of 3rd period - Mikhail Grabovski is hit by Bryan Little.
1:34 of 3rd period - Snap shot by Ryan Callahan.
1:34 of 3rd period - Shot Misses the Net.
2:02 of 3rd period - Mark Mancari is hit by Brian Boyle and loses puck.
2:16 of 3rd period - Minor Penalty to Raphael Diaz for Tripping.
2:17 of 3rd period - Mikhail Grabovski wins face-off versus Maxim Talbot in Sewer Rats zone.
2:18 of 3rd period - Snap shot by Branko Radivojevic.
2:18 of 3rd period - Shot Blocked by Karel Rachunek.
2:20 of 3rd period - Slapshot by Matt Smaby.
2:20 of 3rd period - Deflect By Branko Radivojevic.
2:20 of 3rd period - Stopped by Jonas Gustavsson without a rebound.
2:21 of 3rd period - Maxim Talbot wins face-off versus Mikhail Grabovski in Sewer Rats zone.
2:36 of 3rd period - Snap shot by Chris Clark.
2:36 of 3rd period - Shot Blocked by Mikhail Grabovski.
2:54 of 3rd period - Wrist shot by Matt Smaby.
2:54 of 3rd period - Goal by Matt Smaby - Sewer Rats : 1 - Inferno : 2.
2:55 of 3rd period - Bryan Little wins face-off versus Mikhail Grabovski in neutral zone.
3:05 of 3rd period - Icing by Derek Meech.
3:06 of 3rd period - Bryan Little wins face-off versus Mikhail Grabovski in Inferno zone.
3:07 of 3rd period - Wrist shot by Ryan Callahan.
3:07 of 3rd period - Stopped by Josh Harding with a rebound.
3:13 of 3rd period - Kyle Quincey is hit by Matt Smaby and loses puck.
3:36 of 3rd period - Slapshot by Mikhail Grabovski.
3:36 of 3rd period - Shot Misses the Net.
3:44 of 3rd period - Slapshot by Jay Pandolfo.
3:44 of 3rd period - Shot Blocked by Max Pacioretty.
4:06 of 3rd period - Slapshot by Mikhail Grabovski.
4:06 of 3rd period - Stopped by Jonas Gustavsson with a rebound.
4:12 of 3rd period - Snap shot by Mikhail Grabovski.
4:12 of 3rd period - Shot Blocked by Kyle Quincey.
4:14 of 3rd period - Snap shot by Derek Meech.
4:14 of 3rd period - Stopped by Jonas Gustavsson with a rebound.
4:16 of 3rd period - Slapshot by Derek Meech.
4:16 of 3rd period - Stopped by Jonas Gustavsson without a rebound.
4:17 of 3rd period - Jonathan Ferland wins face-off versus Maxim Talbot in Sewer Rats zone.
4:28 of 3rd period - Minor Penalty to Jonathan Ferland for Cross-checking.
4:28 of 3rd period - Minor Penalty to Maxim Talbot for Tripping.
4:29 of 3rd period - Mark Mancari wins face-off versus Mikhail Grabovski in Sewer Rats zone.
4:36 of 3rd period - Wrist shot by Chris Clark.
4:36 of 3rd period - Shot Misses the Net.
4:51 of 3rd period - Minor Penalty to Branko Radivojevic for Holding.
4:51 of 3rd period - Minor Penalty to Raphael Diaz for Holding.
4:52 of 3rd period - Mark Mancari wins face-off versus Stephane Veilleux in neutral zone.
5:36 of 3rd period - Off-side.
5:37 of 3rd period - Stephane Veilleux wins face-off versus Mark Mancari in neutral zone.
6:01 of 3rd period - Mikhail Grabovski is hit by Max Pacioretty and loses puck.
6:28 of 3rd period - Penalty to Jonathan Ferland is over, Jonathan Ferland is back on ice.
6:28 of 3rd period - Penalty to Maxim Talbot is over, Maxim Talbot is back on ice.
6:32 of 3rd period - Wrist shot by Kyle Quincey.
6:32 of 3rd period - Shot Blocked by Brad Marchand.
6:34 of 3rd period - Snap shot by Maxim Talbot.
6:34 of 3rd period - Shot Misses the Net.
7:00 of 3rd period - Wrist shot by Maxim Talbot.
7:00 of 3rd period - Shot Misses the Net.
7:02 of 3rd period - Slapshot by Kyle Quincey.
7:02 of 3rd period - Shot Misses the Net.
7:04 of 3rd period - Wrist shot by Bryan Little.
7:04 of 3rd period - Stopped by Josh Harding with a rebound.
7:06 of 3rd period - Snap shot by John Lammers.
7:06 of 3rd period - Stopped by Josh Harding with a rebound.
7:20 of 3rd period - Snap shot by Bryan Little.
7:20 of 3rd period - Stopped by Josh Harding without a rebound.
7:21 of 3rd period - Shawn Matthias wins face-off versus Jozef Balej in Inferno zone.
7:29 of 3rd period - Off-side.
7:30 of 3rd period - Petri Kontiola wins face-off versus Shawn Matthias in neutral zone.
7:35 of 3rd period - Snap shot by Stephane Veilleux.
7:35 of 3rd period - Shot Blocked by Shawn Matthias.
7:37 of 3rd period - Snap shot by Jozef Balej.
7:37 of 3rd period - Shot Misses the Net.
7:39 of 3rd period - Wrist shot by Petri Kontiola.
7:39 of 3rd period - Stopped by Jonas Gustavsson with a rebound.
7:41 of 3rd period - Wrist shot by Stephane Veilleux.
7:41 of 3rd period - Shot Misses the Net.
7:43 of 3rd period - Snap shot by Stephane Veilleux.
7:43 of 3rd period - Deflect By Petri Kontiola.
7:43 of 3rd period - Shot Misses the Net.
7:43 of 3rd period - Puck is out of play.
7:44 of 3rd period - Petri Kontiola wins face-off versus Shawn Matthias in Sewer Rats zone.
7:55 of 3rd period - Wrist shot by Jozef Balej.
7:55 of 3rd period - Shot Misses the Net.
8:09 of 3rd period - Raphael Diaz is hit by Vladimir Sobotka and loses puck.
8:16 of 3rd period - Slapshot by Matt Smaby.
8:16 of 3rd period - Stopped by Jonas Gustavsson without a rebound.
8:17 of 3rd period - Brian Boyle wins face-off versus Bryan Little in Sewer Rats zone.
8:20 of 3rd period - Snap shot by Jonathan Ferland.
8:20 of 3rd period - Stopped by Jonas Gustavsson without a rebound.
8:21 of 3rd period - Bryan Little wins face-off versus Brian Boyle in Sewer Rats zone.
8:21 of 3rd period - Bryan Little is hit by Brian Boyle.
8:33 of 3rd period - Snap shot by Bryan Little.
8:33 of 3rd period - Shot Misses the Net.
8:46 of 3rd period - Off-side.
8:47 of 3rd period - Jozef Balej wins face-off versus Maxim Talbot in neutral zone.
8:51 of 3rd period - Minor Penalty to Ville Leino for Charging.
8:52 of 3rd period - Branko Radivojevic wins face-off versus Maxim Talbot in Sewer Rats zone.
8:55 of 3rd period - Snap shot by Branko Radivojevic.
8:55 of 3rd period - Deflect By Mikhail Grabovski.
8:55 of 3rd period - Shot Misses the Net.
8:55 of 3rd period - Puck is out of play.
8:56 of 3rd period - Maxim Talbot wins face-off versus Mikhail Grabovski in Sewer Rats zone.
9:09 of 3rd period - Slapshot by Branko Radivojevic.
9:09 of 3rd period - Goal by Branko Radivojevic - Sewer Rats : 1 - Inferno : 3.
9:10 of 3rd period - Mikhail Grabovski wins face-off versus Maxim Talbot in neutral zone.
10:12 of 3rd period - Snap shot by Chris Clark.
10:12 of 3rd period - Stopped by Josh Harding with a rebound.
10:28 of 3rd period - Wrist shot by Kyle Quincey.
10:28 of 3rd period - Deflect By Lars Eller.
10:28 of 3rd period - Shot Misses the Net.
10:28 of 3rd period - Puck is out of play.
10:29 of 3rd period - Lars Eller wins face-off versus Vladimir Sobotka in Inferno zone.
11:03 of 3rd period - Karel Rachunek is hit by Derek Meech and loses puck.
11:24 of 3rd period - Snap shot by Jozef Balej.
11:24 of 3rd period - Stopped by Jonas Gustavsson with a rebound.
11:26 of 3rd period - Wrist shot by Petri Kontiola.
11:26 of 3rd period - Stopped by Jonas Gustavsson without a rebound.
11:27 of 3rd period - Maxim Talbot wins face-off versus Mikhail Grabovski in Sewer Rats zone.
11:27 of 3rd period - Maxim Talbot is hit by Mikhail Grabovski.
11:35 of 3rd period - Icing by Andrej Sekera.
11:36 of 3rd period - Mikhail Grabovski wins face-off versus Maxim Talbot in Inferno zone.
11:36 of 3rd period - Mikhail Grabovski is hit by Mark Mancari.
11:53 of 3rd period - Jay Pandolfo is hit by Ville Leino.
12:06 of 3rd period - Minor Penalty to Raphael Diaz for Hooking.
12:07 of 3rd period - Maxim Talbot wins face-off versus Mikhail Grabovski in Sewer Rats zone.
12:12 of 3rd period - Slapshot by Karel Rachunek.
12:12 of 3rd period - Deflect By Matt Smaby.
12:12 of 3rd period - Stopped by Josh Harding without a rebound.
12:13 of 3rd period - Maxim Talbot wins face-off versus Mikhail Grabovski in Inferno zone.
12:27 of 3rd period - Maxim Talbot is hit by Mikhail Grabovski.
12:43 of 3rd period - Maxim Talbot is hit by Jonathan Ferland and loses puck.
13:08 of 3rd period - Petri Kontiola is hit by Matt Lashoff.
13:46 of 3rd period - Matt Smaby is hit by Kyle Quincey and loses puck.
14:06 of 3rd period - Penalty to Raphael Diaz is over, Raphael Diaz is back on ice.
14:07 of 3rd period - Raphael Diaz is hit by Matt Smaby and loses puck.
14:28 of 3rd period - Snap shot by Bryan Little.
14:28 of 3rd period - Shot Blocked by Vladimir Zharkov.
14:42 of 3rd period - Backhand shot by Chris Clark.
14:42 of 3rd period - Stopped by Josh Harding with a rebound.
15:27 of 3rd period - Kyle Quincey is hit by Brian Boyle.
15:57 of 3rd period - Brendan Mikkelson is hit by Ryan Callahan and loses puck.
16:36 of 3rd period - Mark Mancari is hit by Vladimir Sobotka and loses puck.
16:52 of 3rd period - Icing by Vladimir Sobotka.
16:53 of 3rd period - Lars Eller wins face-off versus Brian Boyle in Inferno zone.
16:56 of 3rd period - Wrist shot by Lars Eller.
16:56 of 3rd period - Stopped by Josh Harding without a rebound.
16:57 of 3rd period - Brad Marchand wins face-off versus Lars Eller in Inferno zone.
17:22 of 3rd period - Snap shot by Chris Clark.
17:22 of 3rd period - Stopped by Josh Harding without a rebound.
17:23 of 3rd period - Petri Kontiola wins face-off versus Shawn Matthias in Inferno zone.
18:35 of 3rd period - Snap shot by Vladimir Sobotka.
18:35 of 3rd period - Stopped by Jonas Gustavsson with a rebound.
18:37 of 3rd period - Snap shot by Vladimir Zharkov.
18:37 of 3rd period - Stopped by Jonas Gustavsson with a rebound.
18:39 of 3rd period - Snap shot by Matt Kassian.
18:39 of 3rd period - Shot Misses the Net.
18:53 of 3rd period - Karel Rachunek is hit by Brian Boyle and loses puck.
Output by the SimonT Hockey Simulator (STHS) for François Prévost -- Original Page W3C XHTML 1.0 Valid